 Dungeon Crawl Stone Soup version 0.27-a0-1200-g94dc6ad4cf (webtiles) character file.

Game seed: 15232368655500669798

104 Morbidden the Skirmisher (level 4, -1/38 HPs)
             Began as a Demigod Fighter on May 30, 2021.
             Slain by Natasha (4 damage)
             ... on level 2 of the Dungeon.
             The game lasted 00:03:19 (3580 turns).

Morbidden the Skirmisher (Demigod Fighter)          Turns: 3580, Time: 00:03:19

Health: -1/38      AC:  6    Str: 21    XL:     4   Next: 28%
Magic:  8/8        EV:  7    Int: 10    God:
Gold:   145        SH:  9    Dex: 13    Spells: 5/5 levels left

rFire    . . .     SeeInvis .   a - +0 long sword
rCold    . . .     Faith    .   c - +0 kite shield
rNeg     . . .     Spirit   .   b - +0 scale mail
rPois    .         Reflect  .   (no helmet)
rElec    .         Harm     .   (no cloak)
rCorr    .         Rampage  .   (no gloves)
Will     .....     Rnd*Rage +   (no boots)
Stlth    ..........             (no amulet)
HPRegen  0.12/turn              (no ring)
MPRegen  0.11/turn              (no ring)

@: flying
A: high mp 1, forlorn, talons 1, berserk 1
a: no special abilities


You were on level 2 of the Dungeon.
You visited 1 branch of the dungeon, and saw 3 of its levels.

You collected 145 gold pieces.

Inventory:

Hand Weapons
 a - a +0 long sword (weapon)
Missiles
 j - 26 poisoned darts (quivered)
Armour
 b - a +0 scale mail (worn)
 c - a +0 kite shield (worn)
Jewellery
 e - a +4 ring of protection
 i - a ring of see invisible
Scrolls
 f - a scroll of teleportation {unknown}
 g - a scroll of blinking {unknown}
 h - 2 scrolls of enchant weapon {unknown}
 k - a scroll of noise {unknown}
 l - a scroll of torment {unknown}
 m - a scroll of vulnerability {unknown}


   Skills:
 * Level 3.1 Fighting
 * Level 2.7 Long Blades
 + Level 3.0 Armour
 * Level 1.4 Dodging
 + Level 2.8 Shields
 * Level 1.1 Spellcasting


You had 5 spell levels left.
You didn't know any spells.
Your spell library contained the following spells:

 Spells                   Type           Power      Damage    Failure   Level
 Magic Dart               Conj           0%         1d3       99%         1
 Searing Ray              Conj           0%         3d3       100%        2
 Dazzling Flash           Conj/Hex       0%         N/A       100%        3
 Fulminant Prism          Conj/Hex       0%         3d6       100%        4
 Iskenderun's Mystic Bla  Conj/Tloc      0%         2d3       100%        4


Dungeon Overview and Level Annotations

Branches:
Dungeon (3/15)

Shops:
D:3 *

Annotations:
D:2 Natasha


Innate Abilities, Weirdness & Mutations

Your attributes grow dramatically as you level up.
You have an increased reservoir of magic. (+10% MP)
You shall have no god before yourself.
You have sharp toenails.
You tend to lose your temper in combat.


Message History

You escape the ball python's grasp.
The crimson imp disappears for a moment.
The crimson imp blinks!
Natasha claws you but does no damage. The ball python bites you.
You block the ball python's attack.
The crimson imp blinks!
Natasha casts a spell at you. The magic dart hits you.
You hit Natasha.
Natasha is moderately wounded.
Natasha mumbles some strange words.
Natasha claws you but does no damage.
Your shield and scale mail prevent you from hitting Natasha.
Natasha is moderately wounded.
The crimson imp disappears in a puff of smoke!
Natasha mumbles some strange words.
Natasha glows brightly for a moment.
Natasha casts a spell.
Natasha casts a spell at you. The magic dart hits you.
Unknown command.
Throw: 27 darts (poison)
Press: ? - help, Q - select action Shift-Dir - straight line, f/p - Natasha
Aim: Natasha (moderately wounded, 50% to hit)
You throw a poisoned dart. The poisoned dart hits Natasha.
Natasha is moderately wounded.
Natasha claws you.
The crimson imp blinks!
Natasha claws you!
* * * LOW HITPOINT WARNING * * *
It was a potion of flight.
You feel very buoyant.
You fly up into the air.
The crimson imp blinks!
You block Natasha's attack.
Unknown command.
It was a potion of mutation.
You feel extremely strange.
You feel a little pissed off.
Your toenails lengthen and sharpen.
You feel yourself speed up. Natasha claws you!
* * * LOW HITPOINT WARNING * * *
Natasha mumbles some strange words.
Natasha shimmers violently.
Natasha claws you.
You die...

##.....).................#....##
##.................#####.......##
##..........................†....
...................###........#..
......##.#.......................
......##.#........##.......#####.
......##.#.#.####.###.....## #.
..............5##.........# #.
...........[..Sh@...##....# #.
..............5####.###..## ##
...............# # #.## #
#.###............ #. # #.
...........#...#..... ##### #
#.........[5./..#.#....###....
#.#.......##........ .........
#..##...# ........ ......... ##..
#. .#...##.# #....


You could see Natasha, a crimson imp (summoned), a shadow imp (summoned) and a
ball python.

Vanquished Creatures
  4 adders
  3 worms
  3 dart slugs
  2 ball pythons (D:3)
  3 endoplasms
  2 giant cockroaches (D:1)
  6 goblins
  2 hobgoblins
  7 jackals
  2 quokkas (D:1)
  6 bats
  A frilled lizard (D:2)
  7 kobolds
  3 rats (D:1)
51 creatures vanquished.

Notes
Turn   | Place    | Note
-------+----------+-------------------------------------------
     0 | D:1      | Morbidden the Demigod Fighter began the quest for the Orb.
     0 | D:1      | Reached XP level 1. HP: 18/18 MP: 3/3
   323 | D:1      | Reached XP level 2. HP: 25/25 MP: 4/4
  1232 | D:1      | Reached skill level 1 in Dodging
  1232 | D:1      | Reached XP level 3. HP: 24/31 MP: 4/6
  2495 | D:3      | Found Behowu's General Store.
  2902 | D:2      | Reached skill level 1 in Spellcasting
  2902 | D:2      | Reached XP level 4. HP: 25/38 MP: 6/8
  3268 | D:2      | Noticed Natasha
  3580 | D:2      | Gained mutation: You tend to lose your temper in combat.
                  | [potion of mutation]
  3580 | D:2      | Gained mutation: You have sharp toenails. [potion of
                  | mutation]
  3580 | D:2      | Slain by Natasha

Illustrated notes

Levels and vault maps discovered:
D:1:      psy_arrival_conway, layout_loops_corners,
          ebering_ecumenical_altar_mist, roderic_serpentine_path,
          roderic_lattice_a
D:2:      layout_rooms, uniq_natasha
D:3:      layout_basic, lemuel_tele_altar, serial_shops,
          nicolae_shop_behind_doors

Skill      XL: |  1  2  3 |
---------------+----------+-----
Long Blades    | 2 |  2.7
Fighting       | 3 |  3.1
Dodging        | 1 |  1.4
Armour         | 3 |  3.0
Spellcasting   | 1 |  1.1
Shields        | |  2.8

Action                   |  1- 3 |  4- 6 || total
-------------------------+-------+-------++-------
Melee: Long sword        |   149 |    27 ||   176
Throw: Dart              |       |    11 ||    11
  Use: Potion            |     2 |     2 ||     4
Armor: Scale mail        |    91 |    17 ||   108
Dodge: Dodged            |    65 |    12 ||    77
Block: Kite shield       |    80 |    32 ||   112
       Rpst.: Long sword |    21 |     6 ||    27

Table legend: (Time is in decaauts)
 A = Elapsed time spent in this place.
 B = Non-inter-level travel time spent in this place.
 C = Inter-level travel time spent in this place.
 D = Time resting spent in this place.
 E = Time spent auto-exploring this place.
 F = Levels seen in this place.
 G = Mean time per level.
                   A        B        C        D        E       F      G
               +--------+--------+--------+--------+--------+-----+--------+
         Total |   3693 |   3573 |    120 |    351 |   2615 |   3 | 1231.0 |
       Dungeon |   3693 |   3573 |    120 |    351 |   2615 |   3 | 1231.0 |
               +--------+--------+--------+--------+--------+-----+--------+

Top non-repeatable levels by time:
     D:1: 1502 daAuts
     D:3: 1463 daAuts
     D:2: 727 daAuts
